[Event "World Junior U20 Girls 2018"]
[Site "Gebze"]
[Date "2018.09.14"]
[Round "10"]
[White "Tsolakidou, Stavroula"]
[Black "Unuk, Laura"]
[Result "1-0"]
[ECO "C89"]
[WhiteElo "2393"]
[BlackElo "2299"]
[Annotator "NA"]
[PlyCount "89"]
[EventDate "2018.09.05"]
[EventType "swiss"]
[EventCountry "TUR"]
[SourceTitle "playchess.com"]
[Source "ChessBase"]
[SourceQuality "1"]
[TimeControl "40/5400+30:1800+30"]

1. e4 e5 2. Nf3 Nc6 3. Bb5 a6 4. Ba4 Nf6 5. d3 b5 6. Bb3 Be7 7. O-O Bb7 8. c3 O-O 9. Re1 d5 10. Nbd2 {[%emt 0:11:30] LiveBook: 6 Games} dxe4 11. dxe4 h6 {[%emt 0:01:30] C89: Closed Ruy Lopez: Marshall Attack} (11... Bc5 12. h3 Nh5 13. Bd5 Qf6 14. a4 Nf4 15. Nb3 Bb6 16. Bxf4 Qxf4 17. Qe2 bxa4 18. Rxa4 Rfd8 19. Rc4 {1-0 (31) Morozevich,A (2743)-Bacrot,E (2712) Biel 2004 CBM 102 [Ftacnik,L]}) 12. Qe2 Re8 13. a4 $146 ({Predecessor:} 13. Nf1 Na5 14. Bc2 c5 15. h3 Qc7 16. g4 Nh7 17. Ng3 Ng5 18. Nxg5 Bxg5 19. Nf5 {0-1 (60) Campelo,L (2247)-Marrero Lopez,Y (2304) Santos 2012}) 13... Bc5 14. Bc2 b4 15. a5 Qe7 16. Ba4 Ng4 17. Rf1 Reb8 18. Nc4 Nd8 19. h3 Nf6 20. Bc2 b3 21. Bxb3 Bxe4 22. Ba2 Nc6 23. Be3 Bxf3 24. Qxf3 e4 25. Qg3 Bxe3 26. Nxe3 Rb5 27. b4 Rg5 28. Qh2 Ne5 29. Kh1 Rd8 30. Rad1 c6 31. Rxd8+ Qxd8 32. Rd1 Qe7 33. Bb1 g6 34. Qf4 Nd3 35. Bxd3 exd3 36. Rxd3 c5 37. b5 c4 38. Rd6 Ne4 39. Rxa6 Rxb5 40. Ra8+ Kg7 41. a6 Rb1+ $2 (41... g5 $16 42. Qf5 Rb2) 42. Kh2 Nxf2 43. Qd4+ Qf6 $18 44. a7 Qxd4 45. Rg8+ 1-0

[Event "World Junior U20 Girls 2018"]
[Site "Gebze"]
[Date "2018.09.14"]
[Round "10"]
[White "Zhu, Jiner"]
[Black "Kanakova, Natalie"]
[Result "1-0"]
[ECO "C42"]
[WhiteElo "2364"]
[BlackElo "2201"]
[Annotator "ChessBase"]
[PlyCount "153"]
[EventDate "2018.09.05"]
[EventType "swiss"]
[EventCountry "TUR"]
[SourceTitle "playchess.com"]
[Source "ChessBase"]
[SourceQuality "1"]
[TimeControl "40/5400+30:1800+30"]

1. e4 e5 2. Nf3 Nf6 3. Nxe5 d6 4. Nf3 Nxe4 5. d4 d5 6. Bd3 Be7 7. O-O Bf5 8. Re1 O-O 9. c4 Nc6 10. Nc3 Nxc3 11. bxc3 Bxd3 12. Qxd3 dxc4 13. Qxc4 Bd6 14. Qb5 Rb8 15. Bb2 a6 16. Qf5 Ne7 17. Qh3 Ng6 18. c4 Qf6 19. Nd2 Bb4 20. Qe3 Qf4 21. Rad1 b5 22. c5 c6 23. Re2 Bxd2 24. Rdxd2 Rbd8 25. g3 Qg4 26. f3 Qd7 27. d5 cxd5 28. Qc3 d4 29. Qxd4 Qxd4+ 30. Bxd4 Rc8 31. Bf2 Rc6 32. Rd7 f6 33. Rb7 Rfc8 34. f4 Kf8 35. Rd2 R8c7 36. Rxc7 Rxc7 37. Rd6 a5 38. Ra6 Ne7 39. Rxa5 b4 40. Kg2 Nc6 41. Ra8+ Kf7 42. Kf3 Re7 43. Ra6 Re6 44. Kg2 f5 45. Rb6 Ke8 46. Kf1 Kd8 47. Be1 Kc7 48. Bxb4 Re4 49. Be1 Rc4 50. Bf2 Rc1+ 51. Kg2 Rc2 52. a3 Ra2 53. Rb3 Nd4 54. Re3 Nc6 55. h3 h5 56. Rd3 Ne7 57. Kf3 Kc6 58. Rd6+ Kc7 59. Rd3 Kc6 60. Re3 Nd5 61. Re6+ Kb5 62. Re5 Rxa3+ 63. Kg2 Nf6 64. Rxf5 Ne4 65. Re5 Nf6 66. Re6 Ra2 67. Kf3 Ra3+ 68. Re3 Ra2 69. Re5 Kc6 70. Bd4 Ra8 71. Re6+ Kd5 72. Rd6+ Kc4 73. Bxf6 gxf6 74. Rxf6 Ra3+ 75. Ke4 Kxc5 76. g4 Rxh3 77. Rf5+ 1-0

[Event "World Junior U20 Girls 2018"]
[Site "Gebze"]
[Date "2018.09.14"]
[Round "10"]
[White "Dordzhieva, Dinara"]
[Black "Assaubayeva, Bibisara"]
[Result "1/2-1/2"]
[ECO "E62"]
[WhiteElo "2318"]
[BlackElo "2371"]
[Annotator "NA"]
[PlyCount "76"]
[EventDate "2018.09.05"]
[EventType "swiss"]
[EventCountry "TUR"]
[SourceTitle "playchess.com"]
[Source "ChessBase"]
[SourceQuality "1"]
[TimeControl "40/5400+30:1800+30"]

1. d4 Nf6 2. Nf3 g6 3. g3 Bg7 4. Bg2 O-O 5. O-O d6 6. c4 Nc6 7. Nc3 Bg4 8. h3 Bxf3 9. Bxf3 Nd7 10. e3 e5 11. d5 {[%emt 0:03:30] E62: King's Indian: Fianchetto: 6...c6 and Panno Variation (6...Nc6) without ...a6} Ncb8 (11... Ne7 12. Bg2 f5 13. b3 e4 14. Bb2 g5 15. f3 exf3 16. Qxf3 Ng6 17. Qe2 f4 18. exf4 gxf4 19. Ne4 Bxb2 20. Qxb2 Nde5 21. gxf4 Nxf4 {0-1 (36) Hou,Y (2658)-Nakamura,H (2777) chess.com INT 2018}) 12. Bg2 $146 ({Predecessor:} 12. e4 f5 13. Bd2 a5 14. Na4 Na6 15. Qc2 Nac5 16. Nxc5 Nxc5 17. Kg2 b6 18. b3 Rf7 {0-1 (37) Orgovan,S (2290)-Szalanczy,E (2360) Balatonbereny 1986}) 12... a5 13. Rb1 Nc5 14. b3 f5 15. a3 e4 16. Bd2 Nbd7 17. Ne2 Ne5 18. Nd4 Re8 19. b4 axb4 20. axb4 Ncd3 21. Qb3 Qd7 22. Ne6 $11 Rxe6 23. dxe6 Qxe6 24. Bc3 Qxc4 25. Qxc4+ Nxc4 26. Bxg7 Kxg7 27. Ra1 Rxa1 28. Rxa1 Nxb4 29. Ra7 Kf6 30. Rxb7 c5 31. Bf1 Nd2 32. Bb5 d5 33. Rxh7 c4 34. Rc7 Nd3 35. Rc6+ Kf7 36. Rc7+ Kf6 37. Rc6+ Kf7 38. Rc7+ Kf6 1/2-1/2

[Event "World Junior U20 Girls 2018"]
[Site "Gebze"]
[Date "2018.09.14"]
[Round "10"]
[White "Potapova, Margarita"]
[Black "Tokhirjonova, Gulrukhbegim"]
[Result "0-1"]
[ECO "C01"]
[WhiteElo "2277"]
[BlackElo "2369"]
[Annotator "NA"]
[PlyCount "80"]
[EventDate "2018.09.05"]
[EventType "swiss"]
[EventCountry "TUR"]
[SourceTitle "playchess.com"]
[Source "ChessBase"]
[SourceQuality "1"]
[TimeControl "40/5400+30:1800+30"]

1. d4 e6 2. c4 b6 3. e4 Bb4+ {[%emt 0:02:30] C01: French: Exchange Variation} 4. Bd2 Bxd2+ 5. Qxd2 d5 6. cxd5 (6. Bd3 Nc6 7. Ne2 dxe4 8. Bxe4 Bb7 9. Nbc3 Nf6 10. Bf3 O-O 11. O-O {½-½ (52) Gelfand,B (2719)-Rapport,R (2692) Palma de Mallorca 2017}) 6... exd5 7. e5 Ne7 {[%emt 0:01:30] LiveBook: 3 Games} 8. Nf3 O-O 9. Bd3 $146 ({Predecessor:} 9. Be2 c5 10. Nc3 Be6 11. O-O {½-½ (52) Lindgren,P (2424)-Bank,P (2283) Malmo 2016}) 9... c5 10. O-O Nbc6 11. Nc3 Bg4 12. Ng5 g6 13. Qf4 Qc8 14. Nb5 h6 15. e6 hxg5 16. Qxg4 Qxe6 17. Qxe6 fxe6 18. dxc5 bxc5 19. Nc7 c4 20. Nxa8 Rxa8 21. Be2 Rb8 22. Bg4 Kf7 23. Rfe1 e5 24. Re2 Kf6 25. Rd2 e4 26. Be2 Ne5 27. Rc1 Nd3 28. Rcc2 Nf5 29. Bf1 Ke5 30. b3 $19 Nd4 31. bxc4 Nxc2 32. Rxc2 Rc8 33. f3 Rxc4 34. Rd2 Rc1 35. g3 Ne1 36. f4+ gxf4 37. gxf4+ Kxf4 38. Rxd5 Nf3+ 39. Kf2 e3+ 40. Ke2 Re1+ 0-1

[Event "World Junior U20 Girls 2018"]
[Site "Gebze"]
[Date "2018.09.14"]
[Round "10"]
[White "Sieber, Fiona"]
[Black "Bai, Xue"]
[Result "0-1"]
[ECO "C92"]
[WhiteElo "2277"]
[BlackElo "2073"]
[Annotator "NA"]
[PlyCount "129"]
[EventDate "2018.09.05"]
[EventType "swiss"]
[EventCountry "TUR"]
[SourceTitle "playchess.com"]
[Source "ChessBase"]
[SourceQuality "1"]
[TimeControl "40/5400+30:1800+30"]

1. e4 e5 2. Nf3 Nc6 3. Bb5 a6 4. Ba4 Nf6 5. O-O Be7 6. Re1 b5 7. Bb3 d6 8. c3 O-O 9. h3 Bb7 {[%emt 0:00:00] LiveBook: 4793 Games} 10. d4 Re8 11. Nbd2 exd4 12. cxd4 Nd7 13. Nf1 Na5 14. Bc2 Bf6 15. Rb1 c5 16. d5 Nc4 17. N3h2 Bd4 (17... Nce5 $11 {keeps the balance.}) 18. b3 Ncb6 19. Ne3 g6 20. Neg4 Ne5 21. Nh6+ Kg7 22. Kh1 f5 23. f3 $1 Qh4 24. Qd2 Nxd5 25. exd5 Ng4 26. Rf1 Nxh6 27. Bb2 Bxb2 28. Rxb2 Re5 29. Qa5 (29. f4 $142 Rxd5 30. Qe1) 29... Qd8 30. Qc3 Qf6 31. Rbb1 Rxd5 32. Qxf6+ Kxf6 33. Be4 fxe4 34. fxe4+ Rf5 35. exf5 gxf5 36. Rf2 (36. Rbe1 $1 $11 {keeps the balance.}) 36... Be4 37. Rc1 Rc8 38. Nf3 d5 39. Kg1 $17 Nf7 40. Kf1 Ne5 41. Rd1 c4 42. bxc4 bxc4 43. Nd4 Nd3 44. Re2 Ke5 45. Nf3+ Kf4 46. Nd4 Ke5 47. Nf3+ Kd6 48. Nd4 Rg8 49. Red2 Nf4 50. g4 fxg4 51. hxg4 Rxg4 52. Rh2 Kc5 53. Ne2 Nxe2 54. Kxe2 c3 55. Ke3 Bg6 56. Rc1 Re4+ 57. Kf3 Rc4 58. Rf2 d4 59. Rg2 d3 60. Rg5+ Kc6 61. Ke3 d2 62. Rf1 Re4+ 63. Kd3 Re1+ 64. Rxg6+ hxg6 65. Kd4 0-1

[Event "World Junior U20 Girls 2018"]
[Site "Gebze"]
[Date "2018.09.14"]
[Round "10"]
[White "Diakonova, Ekaterina"]
[Black "Nomin-Erdene, Davaademberel"]
[Result "0-1"]
[ECO "C11"]
[WhiteElo "2243"]
[BlackElo "2377"]
[Annotator "NA"]
[PlyCount "88"]
[EventDate "2018.09.05"]
[EventType "swiss"]
[EventCountry "TUR"]
[SourceTitle "playchess.com"]
[Source "ChessBase"]
[SourceQuality "1"]
[TimeControl "40/5400+30:1800+30"]

1. e4 e6 2. d4 d5 3. Nc3 Nf6 4. e5 Nfd7 5. f4 c5 6. Nf3 Nc6 7. Be3 Be7 8. Qd2 b6 {[%emt 0:01:00] C11: French: Classical System: 4 e5 and 4 Bg5 dxe4} 9. Bb5 Bb7 {[%emt 0:02:30] LiveBook: 14 Games} 10. O-O a6 11. Bxc6 Bxc6 12. Qf2 $146 ({Predecessor:} 12. Nd1 Qc7 13. Nf2 O-O-O 14. a4 Kb8 15. b3 Bb7 16. Nd3 {1-0 (60) Aronian,L (2767)-Caruana,F (2822) chess.com INT 2018}) 12... O-O 13. Qg3 f5 14. Ng5 Bxg5 15. fxg5 Qe8 16. Rf3 Rc8 17. Qh4 f4 18. Bf2 cxd4 $11 19. Bxd4 Qg6 20. Rxf4 Qxc2 21. Raf1 Rxf4 22. Rxf4 Bb5 23. Nxb5 axb5 24. Qg4 Qg6 25. h4 Rf8 26. Rxf8+ Kxf8 27. Qf3+ Ke8 28. Kh2 Qf7 29. Qg4 g6 30. Kg3 Nc5 31. Kh2 Qf5 32. Qxf5 exf5 33. b4 Nd3 34. a3 Kd7 35. Kg3 Ke6 36. Kf3 Nxe5+ 37. Ke2 Nc4 38. Kf3 Nxa3 39. Bxb6 Nc2 40. Bc5 d4 41. Ke2 Kd5 42. Kd2 Ne3 43. g3 Kc4 44. Bd6 Nd5 0-1

[Event "World Junior U20 Girls 2018"]
[Site "Gebze"]
[Date "2018.09.14"]
[Round "10"]
[White "Paramzina, Anastasya"]
[Black "Hojjatova, Aydan"]
[Result "1-0"]
[ECO "A06"]
[WhiteElo "2222"]
[BlackElo "2356"]
[Annotator "NA"]
[PlyCount "73"]
[EventDate "2018.09.05"]
[EventType "swiss"]
[EventCountry "TUR"]
[SourceTitle "playchess.com"]
[Source "ChessBase"]
[SourceQuality "1"]
[TimeControl "40/5400+30:1800+30"]

1. Nf3 Nf6 2. e3 e6 3. b3 d5 4. Bb2 Bd6 5. Be2 O-O 6. O-O b6 7. c4 Bb7 8. Nc3 c5 {[%emt 0:01:30] LiveBook: 3 Games} 9. cxd5 Nxd5 10. Rc1 Nd7 11. Ne4 Be7 12. d3 N7f6 13. a3 Rc8 $11 14. Rc2 Qd7 15. Ne5 Qb5 16. Rd2 Rfd8 17. a4 Qe8 18. Ng5 Rc7 19. Ngxf7 Rdc8 20. Ng5 Bf8 21. Qa1 h6 22. Ngf3 a6 23. Nh4 g5 24. Nhg6 Bg7 25. e4 Nb4 26. f4 g4 27. Nh4 h5 28. f5 Qd8 29. Bc3 Bh6 30. fxe6 Be3+ 31. Kh1 Nxe4 32. dxe4 Bxd2 33. Bc4 Qxh4 34. e7+ Nd5 35. exd5 b5 36. Bxd2 bxc4 37. Ng6 1-0

[Event "World Junior U20 Girls 2018"]
[Site "Gebze"]
[Date "2018.09.14"]
[Round "10"]
[White "Mahalakshmi, M."]
[Black "Sankova, Stella"]
[Result "1/2-1/2"]
[ECO "D02"]
[WhiteElo "2213"]
[BlackElo "2081"]
[Annotator "NA"]
[PlyCount "60"]
[EventDate "2018.09.05"]
[EventType "swiss"]
[EventCountry "TUR"]
[SourceTitle "playchess.com"]
[Source "ChessBase"]
[SourceQuality "1"]
[TimeControl "40/5400+30:1800+30"]

1. Nf3 d5 2. d4 Nf6 3. Bf4 c5 4. e3 Nc6 5. c3 Qb6 6. Qc1 Bf5 7. Be2 h6 {[%emt 0:02:30] LiveBook: 3 Partien D02: 1 d4 d5 2 Nf3 sidelines, including 2...Nf6 3 g3 and 2...Nf6 3 Bf4} (7... e6 8. O-O Be7 9. Nbd2 Rc8 10. dxc5 Bxc5 11. Nh4 Be4 12. Nhf3 Nh5 13. Bg3 Nxg3 14. hxg3 Bg6 15. Nh4 {½-½ (59) Nazaryev,S (2269)-Gonda,L (2534) Pardubice 2018}) 8. h3 e6 9. Nbd2 cxd4 10. exd4 Be7 11. Ne5 $146 ({Predecessor:} 11. O-O O-O 12. Re1 Rfc8 13. Nf1 {½-½ (57) Fabeyo,F (2031)-Ofowino,T Lagos 2015}) 11... Nxe5 12. Bxe5 O-O 13. O-O Rfc8 14. Re1 Ne4 15. Nxe4 Bxe4 16. Bg3 a6 17. Qd2 Qc6 18. Bd3 Bxd3 19. Qxd3 b5 20. Bf4 b4 21. Bd2 bxc3 22. bxc3 Rab8 23. Qg3 Bd6 24. Qg4 $17 Kh8 25. Qh5 Kg8 26. Qg4 Kh8 27. Qh5 Kg8 28. Qg4 Kh8 29. Qh5 Kg8 30. Qg4 Kh8 1/2-1/2

[Event "World Junior U20 Girls 2018"]
[Site "Gebze"]
[Date "2018.09.14"]
[Round "10"]
[White "Beydullayeva, Govhar"]
[Black "Gorti, Akshita"]
[Result "1/2-1/2"]
[ECO "E09"]
[WhiteElo "2202"]
[BlackElo "2315"]
[Annotator "NA"]
[PlyCount "70"]
[EventDate "2018.09.05"]
[EventType "swiss"]
[EventCountry "TUR"]
[SourceTitle "playchess.com"]
[Source "ChessBase"]
[SourceQuality "1"]
[TimeControl "40/5400+30:1800+30"]

1. Nf3 d5 2. g3 Nf6 3. Bg2 e6 4. O-O Be7 5. c4 O-O 6. d4 Nbd7 7. Qc2 c6 8. Nbd2 b6 9. e4 dxc4 10. Nxc4 Bb7 $1 11. Rd1 {[%emt 0:15:30] LiveBook: 17 Games} c5 12. Ng5 h6 13. e5 Bxg2 14. exf6 Nxf6 15. Kxg2 hxg5 16. dxc5 Nd5 17. cxb6 axb6 18. Qe4 Bf6 19. Ne5 Rc8 20. Be3 Qc7 21. Bd4 Qc2 22. Qe1 Rfd8 $15 23. Rd2 Qa4 24. b3 Qa8 25. Kg1 Nb4 26. Qe2 Rd6 27. Rad1 Rcd8 28. a3 Nc6 29. Nxc6 Qxc6 30. Bb2 Bxb2 31. Rxd6 Rxd6 32. Rxd6 Qxd6 33. Qxb2 Qd1+ 34. Kg2 Qd5+ 35. Kg1 Qd1+ 1/2-1/2

[Event "World Junior U20 Girls 2018"]
[Site "Gebze"]
[Date "2018.09.14"]
[Round "10"]
[White "Chu, Ruotong"]
[Black "Malatsilava, Volha"]
[Result "1-0"]
[ECO "E92"]
[WhiteElo "2199"]
[BlackElo "2040"]
[Annotator "NA"]
[PlyCount "65"]
[EventDate "2018.09.05"]
[EventType "swiss"]
[EventCountry "TUR"]
[SourceTitle "playchess.com"]
[Source "ChessBase"]
[SourceQuality "1"]
[TimeControl "40/5400+30:1800+30"]

1. d4 Nf6 2. c4 d6 3. Nc3 g6 4. e4 Bg7 5. Nf3 O-O 6. Be2 e5 7. dxe5 dxe5 8. Qxd8 Rxd8 9. Bg5 Re8 10. O-O-O h6 11. Bh4 g5 (11... Nh5 $11) 12. Bg3 Nfd7 $16 13. h4 g4 14. Nh2 Nf6 15. Nd5 Nxd5 16. cxd5 h5 17. f3 f5 18. exf5 gxf3 19. Nxf3 Bxf5 20. Ng5 Na6 21. Bxh5 Rf8 22. Be2 Nc5 23. Bf2 Ne4 24. Nxe4 Bxe4 25. Be3 Bxg2 26. Rhg1 Be4 27. Bh6 Rf7 28. Rg4 Rd8 29. Bxg7 Bf5 30. Rg5 Kh7 31. Rdg1 Rxd5 32. Rh5+ Kg8 33. Rh8# 1-0

[Event "World Junior U20 Girls 2018"]
[Site "Gebze"]
[Date "2018.09.14"]
[Round "10"]
[White "Schneider, Jana"]
[Black "Haussernot, Cecile"]
[Result "1/2-1/2"]
[ECO "B90"]
[WhiteElo "2190"]
[BlackElo "2237"]
[Annotator "NA"]
[PlyCount "128"]
[EventDate "2018.09.05"]
[EventType "swiss"]
[EventCountry "TUR"]
[SourceTitle "playchess.com"]
[Source "ChessBase"]
[SourceQuality "1"]
[TimeControl "40/5400+30:1800+30"]

1. e4 c5 2. Nf3 d6 3. d4 cxd4 4. Nxd4 Nf6 5. Nc3 a6 6. Be3 e5 7. Nf3 Be7 8. Bc4 O-O 9. O-O Be6 10. Bb3 b5 {[%emt 0:04:30] B90: Sizilianisch (Najdorf-Variante, Abweichungen)} (10... Qc7 11. Nh4 g6 12. Nf3 Re8 13. Ng5 Bc4 14. Re1 Nbd7 15. a4 Qc6 16. Bxc4 Qxc4 17. a5 Qc6 18. Qd3 Rac8 {½-½ (48) Sjugirov,S (2652)-Wojtaszek,R (2738) Batumi 2018}) 11. Qe2 Ng4 $146 ({Vorgänger:} 11... h6 12. Nh4 Nbd7 13. Nf5 Rc8 14. Rfd1 Nc5 15. Nd5 Nxd5 16. Bxd5 Bxf5 17. exf5 Bg5 18. Bxc5 Rxc5 {1-0 (46) Andriasian,Z (2611)-Gabuzyan,H (2614) Yerevan 2016}) 12. Bd5 Nxe3 13. Qxe3 Bxd5 14. Nxd5 Nc6 15. Rfd1 Re8 16. a4 b4 17. Qd2 Bf8 18. Nxb4 Nxb4 19. Qxb4 Rb8 20. Qc3 Qb6 21. b3 Rec8 22. Qd3 Qb4 23. Ne1 Rc3 24. Qe2 Be7 25. Rd3 Bd8 26. Rxc3 Qxc3 27. Rd1 Qc6 28. Qd3 Ba5 29. Kf1 Rd8 30. Nf3 Rc8 31. c4 Bb4 32. Nh4 g6 33. Qf3 Rb8 34. Rd3 Ba5 35. Qg4 Rxb3 36. Rd1 Rb2 37. Nf5 $19 (37. Kg1 {was the only chance.} Qxc4 38. h3) 37... Qxc4+ 38. Kg1 h5 $2 (38... Qc2 $19 {is more deadly.} 39. Ne7+ Kg7) 39. Nxd6 Qxa4 40. Qc8+ Kh7 41. Rf1 Qd4 42. Qxa6 Bb6 43. Qa1 Qb4 44. Nxf7 Qd2 45. Kh1 Bxf2 46. Qc1 Qxc1 47. Rxc1 Be3 48. Rf1 Rb5 49. g3 Kg7 50. Nd6 Rc5 51. Rf7+ Kh6 52. Re7 Rc1+ 53. Kg2 Bd4 54. Re6 Rc2+ 55. Kf1 Kg7 56. h4 Rf2+ 57. Ke1 Rg2 58. Re7+ Kf6 59. Rc7 g5 60. Ne8+ Ke6 61. Ng7+ Kd6 62. Ne8+ Ke6 63. Ng7+ Kd6 64. Ne8+ Ke6 1/2-1/2

[Event "World Junior U20 Girls 2018"]
[Site "Gebze"]
[Date "2018.09.14"]
[Round "10"]
[White "Pychova, Nela"]
[Black "Li, Yunshan"]
[Result "0-1"]
[ECO "A16"]
[WhiteElo "2173"]
[BlackElo "2060"]
[Annotator "NA"]
[PlyCount "98"]
[EventDate "2018.09.05"]
[EventType "swiss"]
[EventCountry "TUR"]
[SourceTitle "playchess.com"]
[Source "ChessBase"]
[SourceQuality "1"]
[TimeControl "40/5400+30:1800+30"]

1. Nf3 Nf6 2. c4 g6 3. Nc3 d5 4. cxd5 Nxd5 5. Qa4+ Nc6 6. Ne5 Qd6 7. Nxc6 Qxc6 8. Qxc6+ bxc6 9. b3 Bg7 10. Bb2 Nxc3 11. Bxc3 {[%emt 0:00:30] LiveBook: 21 Games} Bxc3 12. dxc3 Be6 13. e4 a5 14. Bd3 O-O 15. Ke2 c5 $11 16. f4 f6 17. Ke3 Rfb8 18. c4 Rd8 19. Bc2 Rd4 20. Rad1 Rad8 21. Rxd4 cxd4+ 22. Kd2 c5 23. Bd3 Bd7 24. f5 Kf7 25. fxg6+ hxg6 26. e5 Bf5 27. Rf1 Bxd3 28. Kxd3 f5 29. Re1 Ke6 30. Re2 Rf8 31. a3 Rb8 32. Kc2 d3+ 33. Kxd3 Rxb3+ 34. Kc2 Rxa3 35. Kb2 Ra4 36. Kc3 Rb4 37. Rd2 a4 38. Rd5 a3 39. Rxc5 Ra4 40. Kb3 a2 41. Kxa4 a1=Q+ 42. Kb3 Qg1 43. Rc6+ Kf7 44. c5 Qxg2 45. Rb6 Qd5+ 46. Kb4 Qd4+ 47. Kb5 Qxe5 48. Kc4 f4 49. c6 f3 0-1

[Event "World Junior U20 Girls 2018"]
[Site "Gebze"]
[Date "2018.09.14"]
[Round "10"]
[White "Varshini, V."]
[Black "Khomeriki, Nino"]
[Result "1/2-1/2"]
[ECO "C47"]
[WhiteElo "2173"]
[BlackElo "2313"]
[Annotator "NA"]
[PlyCount "93"]
[EventDate "2018.09.05"]
[EventType "swiss"]
[EventCountry "TUR"]
[SourceTitle "playchess.com"]
[Source "ChessBase"]
[SourceQuality "1"]
[TimeControl "40/5400+30:1800+30"]

1. e4 e5 2. Nf3 Nc6 3. Nc3 Nf6 4. Be2 d5 5. exd5 Nxd5 6. O-O Nxc3 7. bxc3 e4 {[%emt 0:01:30] C47: Scotch Four Knights and Four Knights with 4 g3} 8. Ne1 f5 (8... Bd6 9. f3 f5 10. fxe4 fxe4 11. Rb1 Qe7 12. d4 exd3 13. cxd3 Bd7 14. Rxb7 O-O-O 15. Rb2 {1-0 (29) Van Foreest,J (2629)-Giri,A (2752) Amstelveen 2017}) 9. d4 $146 ({Predecessor:} 9. f3 Bc5+ 10. Kh1 O-O 11. d4 exd3 12. cxd3 f4 13. d4 Bd6 14. Nd3 Qh4 15. Qe1 {½-½ (64) Shaw,J (2439)-Collins,S (2456) England 2015}) 9... Bd6 10. f3 O-O ({Reject} 10... Qh4 11. g3 $14) 11. Rb1 Be6 12. Rxb7 Na5 13. Rb1 c6 ({But not} 13... Bxa2 $2 14. Ra1 $18) 14. c4 Nxc4 15. fxe4 fxe4 16. Rxf8+ Qxf8 17. g3 Nb6 18. Ng2 Bxa2 19. Ra1 Qf7 20. Ne3 Be7 $11 ({Better is} 20... Be6 $17 21. Qf1 Qg6) 21. Ng4 Rf8 22. Be3 Nd5 23. Qf1 Nxe3 24. Nxe3 Bg5 25. Qxf7+ Bxf7 26. Nc4 Bd5 27. h4 Bf6 28. c3 Rb8 29. Rxa7 Kf8 30. Ne3 Rb3 31. Nxd5 cxd5 32. Rd7 Rxc3 33. Rxd5 Rxg3+ 34. Kf2 Ra3 35. h5 Ke7 36. Bg4 Bh4+ 37. Ke2 Bg3 38. Bf5 Bf4 39. Bxe4 Ke6 40. Rd8 Bg5 41. Re8+ Kd7 42. Re5 h6 43. Bg6 Kd6 44. Rf5 Bf6 45. d5 Be5 46. Bf7 Rh3 47. Rf3 1/2-1/2

[Event "World Junior U20 Girls 2018"]
[Site "Gebze"]
[Date "2018.09.14"]
[Round "10"]
[White "Song, Yuxin"]
[Black "Yang, Yijing"]
[Result "1-0"]
[ECO "D85"]
[WhiteElo "2156"]
[BlackElo "2018"]
[Annotator "NA"]
[PlyCount "121"]
[EventDate "2018.09.05"]
[EventType "swiss"]
[EventCountry "TUR"]
[SourceTitle "playchess.com"]
[Source "ChessBase"]
[SourceQuality "1"]
[TimeControl "40/5400+30:1800+30"]

1. d4 Nf6 2. Nf3 g6 3. c4 Bg7 4. Nc3 d5 5. cxd5 Nxd5 6. e4 Nxc3 7. bxc3 c5 8. Be3 Qa5 9. Qd2 Nc6 10. Rc1 cxd4 11. cxd4 Qxd2+ 12. Kxd2 O-O {[%emt 0:02:00] LiveBook: 303 Games} 13. Bd3 {[%emt 0:13:00] D85: Exchange Grünfeld: Unusual White 7th moves and lines with 7 Nf3} (13. Bb5 f5 14. exf5 Bxf5 15. Ke2 Rad8 16. Bxc6 bxc6 17. Rxc6 Be4 18. Re6 Bxf3+ 19. gxf3 Bf6 20. Rc1 Rd7 21. Rc4 Rb8 22. a4 Kf7 {1-0 (45) Korobov,A (2652)-Ivanchuk,V (2726) Huaian 2017}) 13... f5 14. d5 fxe4 15. Bxe4 Rd8 16. Ke2 Nb4 17. Rc7 Nxd5 $146 ({Predecessor:} 17... Bf5 18. Bxf5 gxf5 19. Rxb7 Nxd5 {1-0 (35) Dziuba,M (2392)-Murawski,G (2311) Zakopane 2000}) 18. Bxd5+ Rxd5 19. Rd1 Rxd1 20. Kxd1 b6 21. Rxe7 Ba6 22. Ne5 Kf8 23. Nc6 Bb5 24. Rc7 Bxc6 25. Rxc6 Rd8+ 26. Ke2 Rd7 27. g4 Bd4 28. Bh6+ Kf7 29. h4 Re7+ 30. Kf3 b5 31. Bg5 Rd7 32. Ra6 Bb6 33. Be3 $14 Rb7 34. Ke4 Ke6 35. Bc5 Rb8 36. f3 h5 37. g5 Rb7 38. f4 Kf7 39. Bxb6 axb6 40. Kd5 Rd7+ 41. Kc6 Rd4 42. Kxb5 Rxf4 43. Ra4 Rg4 44. Rc4 Ke7 45. Rc7+ Kf8 46. Rc6 Kf7 47. Rf6+ Kg7 48. Rxb6 Rxh4 49. Rb7+ Kf8 50. a4 Rg4 51. a5 Rxg5+ 52. Kb6 Rg1 53. a6 Ra1 54. a7 h4 55. Kc5 h3 56. Rb8+ Kg7 57. a8=Q Rxa8 58. Rxa8 Kf6 59. Kd4 Kf5 60. Ke3 h2 61. Rh8 1-0

[Event "World Junior U20 Girls 2018"]
[Site "Gebze"]
[Date "2018.09.14"]
[Round "10"]
[White "Du, Yuxin"]
[Black "Caxita, Esperanca"]
[Result "1-0"]
[ECO "B01"]
[WhiteElo "2146"]
[BlackElo "1803"]
[Annotator "NA"]
[PlyCount "119"]
[EventDate "2018.09.05"]
[EventType "swiss"]
[EventCountry "TUR"]
[SourceTitle "playchess.com"]
[Source "ChessBase"]
[SourceQuality "1"]
[TimeControl "40/5400+30:1800+30"]

1. e4 d5 2. exd5 Qxd5 3. Nc3 Qd6 4. d4 Nf6 5. Nf3 a6 6. Bd3 Nc6 7. h3 Bd7 8. Be3 O-O-O 9. O-O h6 10. Qe2 Nb4 11. Bc4 e6 12. Ne5 Be8 13. a3 Nbd5 14. Nxd5 Nxd5 15. Bd3 Nxe3 16. fxe3 f6 17. Nc4 $11 Qd5 18. c3 Bc6 19. e4 Qd7 20. b4 Bb5 21. Nb2 Bxd3 22. Qxd3 c6 23. Nc4 Qc7 24. a4 e5 25. d5 cxd5 26. exd5 Bd6 27. a5 Rhe8 28. Nd2 Kb8 29. Rfb1 Rc8 30. Rc1 Red8 31. Kh1 Bf8 32. Rab1 Qd7 33. c4 Qa4 34. c5 Qb5 35. Nc4 Re8 36. Qe4 Rcd8 37. Ne3 Qe2 38. Rc2 Qb5 39. d6 Qc6 40. Rc4 Qxe4 41. Rxe4 Re6 42. Rf1 Kc8 43. Nd5 Rd7 44. Nb6+ Kd8 45. Nxd7 Kxd7 46. g4 g6 47. Kg2 Bg7 48. Re2 Re8 49. Kf3 Rf8 50. Ke3 Kc6 51. Ke4 Rf7 52. Rd2 Rd7 53. h4 Bh8 54. Rdf2 Rf7 55. h5 gxh5 56. gxh5 Bg7 57. Rg2 Rd7 58. Kf5 Kd5 59. Rd1+ Kc6 60. Ke4 1-0

[Event "World Junior U20 Girls 2018"]
[Site "Gebze"]
[Date "2018.09.14"]
[Round "10"]
[White "Wafa, Shahenda"]
[Black "Altantuya, Boldbaatar"]
[Result "1/2-1/2"]
[ECO "B95"]
[WhiteElo "2129"]
[BlackElo "2210"]
[Annotator "NA"]
[PlyCount "80"]
[EventDate "2018.09.05"]
[EventType "swiss"]
[EventCountry "TUR"]
[SourceTitle "playchess.com"]
[Source "ChessBase"]
[SourceQuality "1"]
[TimeControl "40/5400+30:1800+30"]

1. e4 c5 2. Nf3 e6 3. d4 cxd4 4. Nxd4 Nf6 5. Nc3 d6 6. Bg5 h6 7. Bh4 {[%emt 0:02:30] LiveBook: 14 Games} Be7 8. Bg3 a6 9. Be2 Qc7 {[%emt 0:03:30] B95: Sicilian Najdorf: 6 Bg5 e6, unusual White 7th moves} 10. O-O O-O 11. Kh1 b5 $146 ({Predecessor:} 11... Nc6 12. Qd2 Ne5 13. f4 Nc4 14. Bxc4 Qxc4 15. Qd3 {0-1 (32) Suarez Fleitas,A (1423)-Cruz Pino,A (2007) Gran Canaria 2012}) 12. a3 Bb7 13. Bd3 Nc6 14. Nxc6 Bxc6 15. Qe2 Qb7 16. f4 d5 17. Rae1 dxe4 18. Nxe4 Nxe4 19. Bxe4 Bxe4 20. Qxe4 Qxe4 21. Rxe4 Bf6 22. c3 Rfd8 23. Re2 Rd3 24. Kg1 a5 25. f5 exf5 26. Rxf5 b4 27. axb4 axb4 28. cxb4 Bd4+ 29. Kf1 Rb3 30. Bf2 $11 Ra1+ 31. Re1 Rxe1+ 32. Kxe1 Bxb2 33. b5 f6 34. Rd5 Bc3+ 35. Ke2 Rb2+ 36. Kf3 Kf7 37. Rd7+ Ke6 38. Rxg7 Rxb5 39. Be3 Rb3 40. Ke2 Be5 1/2-1/2